Map: Kairos Junction LE

Players

PeLLy - Winner!

  • Race: Zerg Zerg
  • League: Diamond
  • Spawn Location: 5:00

Dobby

  • Race: Terran Terran
  • Spawn Location: 11:00

VOD

Have the link to the VOD?

Description

Time

  • Played on: Aug. 16, 2019, 3:05 p.m.
  • Length: 9:24
Show
View Real Time Build Order
Export as new Build Order

PeLLy Zerg - Winner!

Build Orders: Hatch First 

Get SALT Encoding   

  12  0:00  Drone  
  13  0:12  Overlord  
  13  0:21  Drone  
  14  0:30  Drone x2  
  16  0:51  Hatchery  
  15  1:03  Drone x2  
  15  1:04  Drone  
  18  1:18  Extractor, Spawning Pool  
  16  1:19  Drone  
  17  1:45  Drone  
  18  1:59  Drone  
  18  2:00  Overlord  
  19  2:07  Drone  
  19  2:08  Drone  
  21  2:12  Queen  
  21  2:13  Queen  
  21  2:14  Zergling x4  
  27  2:21  Drone  
  28  2:26  Drone  
  29  2:36  Drone x2  
  31  2:49  Drone x2  
  33  3:04  Drone x3  
  36  3:10  Overlord  
  36  3:20  Hatchery  
  35  3:27  Queen  
  35  3:28  Overlord  
  35  3:29  Overlord  
  35  3:33  Extractor, Metabolic Boost, Lair  
  36  3:37  Drone  
  36  3:38  Drone x4  
  41  3:45  Roach Warren  
  40  3:48  Drone  
  40  3:49  Drone  
  40  3:50  Drone  
  40  3:53  Extractor  
  42  4:05  Evolution Chamber  
  42  4:06  Evolution Chamber  
  40  4:11  Drone  
  40  4:12  Drone x4  
  45  4:33  Zerg Melee Weapons Level 1  
  45  4:34  Zerg Missile Weapons Level 1  
  45  4:35  Drone  
  45  4:36  Drone x8  
  54  4:39  Queen  
  56  4:45  Drone  
  56  4:46  Drone x2  
  59  4:56  Glial Reconstitution  
  59  4:59  Roach x3  
  65  5:02  Extractor  
  65  5:03  Drone x2  
  65  5:05  Overlord  
  66  5:07  Overlord  
  66  5:15  Baneling Nest  
  66  5:17  Overlord x3  
  65  5:25  Overlord  
  65  5:26  Roach  
  65  5:27  Roach x2  
  71  5:30  Roach  
  71  5:35  Roach x3  
  79  5:39  Baneling Nest  
  79  5:40  Drone  
  79  5:45  Drone x5  
  84  5:57  Roach  
  84  5:58  Roach x5  
  84  6:01  Roach  
  96  6:17  Hatchery  
  95  6:23  Roach x6  
  103  6:29  Queen  
  103  6:48  Queen  
  103  6:51  Overlord x3  
  105  6:56  Queen  
  105  7:00  Roach x2  
  101  7:02  Overlord x3  
  101  7:05  Overlord  
  95  7:11  Ravager x3  
  95  7:12  Ravager x2  
  100  7:19  Zergling x12  
  106  7:32  Extractor, Drone x4  
  106  7:33  Extractor  
  96  8:00  Roach  
  96  8:01  Roach x12  
  116  8:17  Ravager  
  116  8:19  Roach x8  
  131  8:26  Spore Crawler  
  127  8:28  Drone  
  127  8:29  Drone x5  
  127  8:47  Ravager  
  124  8:53  Ravager  
  123  9:05  Hatchery  
  123  9:06  Drone  
  123  9:07  Drone x15  
  129  9:20  Spire  
Show
View Real Time Build Order
Export as new Build Order

Dobby Terran 

Build Orders:  

Get SALT Encoding   

  12  0:02  SCV  
  13  0:14  SCV  
  14  0:21  Supply Depot  
  14  0:26  SCV  
  15  0:42  SCV  
  16  0:45  Barracks  
  16  0:54  SCV  
  16  0:57  Refinery  
  17  1:07  SCV  
  18  1:19  SCV  
  19  1:31  SCV  
  20  1:38  Command Center  
  20  1:43  Reaper  
  21  1:50  Orbital Command  
  21  2:00  Supply Depot  
  21  2:16  SCV  
  22  2:25  Barracks Reactor  
  22  2:27  Barracks  
  22  2:34  Factory  
  22  3:04  Orbital Command  
  22  3:09  Marine x2  
  24  3:14  Barracks  
  24  3:25  Barracks  
  25  3:27  Marine x2  
  25  3:29  Barracks Tech Lab  
  25  3:31  Starport  
  26  3:34  SCV  
  26  3:38  Refinery  
  26  3:40  SCV  
  28  3:46  SCV  
  29  3:52  SCV  
  30  3:57  Marine x2  
  30  3:58  SCV  
  30  4:00  Stimpack  
  33  4:10  Marine x2  
  33  4:14  SCV x2  
  37  4:24  Marine x2  
  37  4:26  SCV x2  
  37  4:28  Medivac  
  37  4:29  Supply Depot  
  37  4:30  Supply Depot  
  43  4:35  Marine  
  43  4:36  Marine  
  43  4:38  SCV  
  46  4:39  Factory Reactor  
  46  4:50  SCV  
  46  4:51  SCV  
  48  4:54  Supply Depot  
  48  4:59  Medivac  
  50  5:01  Marine x3  
  50  5:03  Marauder, SCV x2  
  57  5:17  Barracks Reactor  
  57  5:21  Marine x2  
  57  5:22  Marine  
  57  5:24  Marine  
  57  5:25  Supply Depot  
  57  5:26  SCV x2  
  63  5:39  Medivac  
  63  5:40  Marine x2  
  63  5:41  Marine  
  63  5:42  Marauder  
  70  5:46  Refinery, SCV x2  
  70  5:48  Supply Depot  
  72  5:54  Supply Depot  
  72  5:57  Supply Depot  
  72  5:58  Marine x2  
  72  5:59  Marine x2  
  72  6:00  Marine  
  72  6:03  Marine  
  78  6:05  Combat Shield  
  78  6:16  Marine x2  
  78  6:17  Marine x2  
  78  6:18  Marine  
  83  6:21  Marine  
  77  6:34  Marine x3  
  77  6:38  Marine x2  
  79  6:48  Marauder  
  79  6:51  Marine  
  82  6:55  Medivac x2  
  63  7:10  Marauder  
  63  7:14  Marine  
  63  7:15  Marine x2  
  66  7:21  Marine x2  
  66  7:31  Marauder  
  66  7:32  Marine  
  66  7:33  Marine x2  
  71  7:39  Marine x2  
  70  7:50  Marine x2  
  60  7:51  Marine  
  60  7:52  Marauder  
  52  8:02  Marine  
  52  8:03  Marine  
  48  8:08  Marine x2  
  48  8:09  Marine  
  48  8:13  Marine  
  40  8:20  Marine x2  
  40  8:22  SCV  
  40  8:23  SCV  
  40  8:25  Marine  
  40  8:26  Marine  
  33  8:27  Marine  
  33  8:31  Marine  
  29  8:38  Marine x2  
  30  8:43  Marine  
  30  8:44  Marine x2  
  30  8:45  Factory Tech Lab  
  26  8:49  Marine  
  28  8:56  Marine x2  
  28  9:01  Marine  
  28  9:02  Marine x2  
Tags
 
Add a new tag
Caveats
  • Supply blocks, unpowered buildings, or Contaminate may cause inaccurate times.
  • Supply counts are checked every 10 seconds.